 Dungeon Crawl Stone Soup version 0.29.1-2-gbd0b4ee654 (webtiles) character file.

Game seed: 17176675807297189709

7 GorkyZ the Magician (level 1, 0/10 HPs)
             Began as a Deep Elf Air Elementalist on Nov 24, 2022.
             Slain by a jackal (1 damage)
             ... on level 1 of the Dungeon.
             The game lasted 00:01:27 (180 turns).

GorkyZ the Magician (Deep Elf Air Elementalist)      Turns: 180, Time: 00:01:28

Health: 0/10       AC:  2    Str:  5    XL:     1   Next: 91%
Magic:  2/6        EV: 12    Int: 19    God:
Gold:   29         SH:  0    Dex: 15    Spells: 5/6 levels left

rFire   . . .      SeeInvis .   (no weapon)
rCold   . . .      Faith    .   (no shield)
rNeg    . . .      Spirit   .   a - +0 robe
rPois   .          Reflect  .   (no helmet)
rElec   .          Harm     .   (no cloak)
rCorr   .          Rampage  .   (no gloves)
Will    .....                   (no boots)
Stlth   ++........              (no amulet)
HPRegen 0.03/turn               (no ring)
MPRegen 0.10/turn               (no ring)

@: no status effects
A: no striking features
a: no special abilities


You were on level 1 of the Dungeon.
You visited 1 branch of the dungeon, and saw 1 of its levels.

You collected 29 gold pieces.

Inventory:

Armour
 a - a +0 robe (worn)
Scrolls
 c - 2 scrolls of enchant armour {unknown}
Potions
 b - a potion of magic


   Skills:
 + Level 0.2 Armour
 + Level 2.6 Dodging
 - Level 2.4 Stealth
 + Level 3.1 Spellcasting
 + Level 1.3 Conjurations
 + Level 0.7 Hexes
 + Level 3.0 Air Magic


You had 5 spell levels left.
You knew the following spells:

 Your Spells              Type           Power      Damage    Failure   Level
a - Shock                 Conj/Air       44%        1d5       6%          1

Your spell library contained the following spells:

 Spells                   Type           Power      Damage    Failure   Level
 Static Discharge         Conj/Air       11%        3-5/arc   10%         2
 Swiftness                Air            14%        N/A       13%         3
 Airstrike                Air            7%         2d(1-17)  38%         4


Dungeon Overview and Level Annotations

Branches:
Dungeon (1/15)

Altars:


Message History

[Y]es or [N]o only, please.
That beam is likely to hit you.
Continue anyway? [Y]es or [N]o only, please.
That beam is likely to hit you.
Continue anyway? [Y]es or [N]o only, please.
That beam is likely to hit you.
Continue anyway?
Okay, then.
The jackal attacks as you move away! The jackal barely misses you.
The jackal attacks as you move away!
The jackal bites you but does no damage.
The jackal attacks as you move away! The jackal barely misses you.
The jackal attacks as you move away! The jackal closely misses you.
The jackal barely misses you. The jackal attacks as you move away!
The jackal bites you but does no damage.
The jackal attacks as you move away! The jackal bites you.
The jackal bites you but does no damage.
You are too injured to fight recklessly!
Aiming: Shock (safe; 6% risk of failure)
Press: ? - help, Q - select action Shift-Dir - straight line, f/p - jackal
Aim: a jackal (almost dead, 60% to hit)
The zap hits the jackal.
The jackal is severely wounded.
The zap hits the jackal.
You kill the jackal!
The jackal closely misses you. The jackal bites you.
* * * LOW HITPOINT WARNING * * *
The jackal closely misses you.
Aiming: Shock (safe; 6% risk of failure)
Press: ? - help, Q - select action Shift-Dir - straight line The zap hits the jackal.
The jackal is moderately wounded.
The zap hits the jackal but does no damage.
The jackal is moderately wounded.
The jackal misses you. x2; The jackal bites you.
* * * LOW HITPOINT WARNING * * *
The jackal attacks as you move away! The jackal closely misses you.
The jackal attacks as you move away! The jackal misses you.
The jackal bites you.
You die...

♣♣...######## #........# ...
♣...........# #.#'#######...
♣...........+ #.#.# #......
♣♣..........###.#.####......
♣♣.♣.............#....#......
♣♣♣.♣...................'......
♣.............h.........#......
.............hh#.....####....##
....#.##.....#@#.###.# .......
.##.#.##..).##.#...#.# #.......
.................... +....).. #
.#.##.#####...#.#.#.#.......
#.# #............#.#.#####.#. #
########...#.#.#.......#
#.#.............#
#.#.#...........#
#.#.#.#.#.......#.


You could see 3 jackals.

Vanquished Creatures
  2 bats (D:1)
  2 goblins (D:1)
  A jackal (D:1)
  A rat (D:1)
6 creatures vanquished.

Notes
Turn   | Place    | Note
-------+----------+-------------------------------------------
     0 | D:1      | GorkyZ the Deep Elf Air Elementalist began the quest for
                  | the Orb.
     0 | D:1      | Reached XP level 1. HP: 10/10 MP: 6/6
   180 | D:1      | Slain by a jackal

Illustrated notes

Levels and vault maps discovered:
D:1:      wander_arrival_peaceful_grave, layout_basic,
          chequers_ecumenical_altar_grove, nicolae_shop_vocational

Action                   || total
-------------------------++-------
 Cast: Shock             ||    13
Armor: Robe              ||     4
Dodge: Dodged            ||    12
